[Event "Titled Tuesday Blitz May 23 Early 2023"]
[White "Tifferet, Shaked"]
[Black "Matlakov, Maxim"]
[WhiteFideId "2811529"]
[BlackFideId "4168003"]
[WhiteElo "2142"]
[BlackElo "2666"]
[Result "0-1"]
[Round "01"]
[TimeControl "180+2"]
[Date "2023.05.23"]
[WhiteClock "0:00:11"]
[BlackClock "0:01:56"]

1. e4 c6 2. Nf3 d5 3. Nc3 dxe4 4. Nxe4 Nf6 5. Qe2 Nxe4 6. Qxe4 Qa5 7. b3 Bf5 8. Qe3 e6 9. Bb2 Nd7 10. Qc3 Qxc3 11. Bxc3 h6 12. O-O-O Ba3+ 13. Bb2 Bxb2+ 14. Kxb2 O-O-O 15. d4 Bg4 16. Be2 Nf6 17. h3 Bxf3 18. Bxf3 Kc7 19. c3 a5 20. Rhe1 g5 21. g3 Rhg8 22. a3 h5 23. b4 axb4 24. axb4 g4 25. hxg4 hxg4 26. Bg2 Rg5 27. Re2 Rh8 28. Rh1 Rxh1 29. Bxh1 Rh5 30. Re1 Rh2 31. Rf1 Nh7 32. Kb3 Ng5 33. f3 gxf3 34. Bxf3 Rh3 35. Kc4 Rxg3 36. Bh1 b5+ 37. Kc5 Rxc3# 0-1


[Site "https://www.chess.com"]

[Event "Titled Tuesday Blitz May 23 Early 2023"]
[White "Kozak, Adam"]
[Black "Liu, Casper"]
[WhiteFideId "753246"]
[BlackFideId "1454153"]
[WhiteElo "2469"]
[BlackElo "2221"]
[Result "0-1"]
[Round "01"]
[TimeControl "180+2"]
[Date "2023.05.23"]
[WhiteClock "0:00:22"]
[BlackClock "0:01:36"]

1. d4 Nf6 2. c4 g6 3. Nc3 d5 4. Nf3 Bg7 5. Qb3 dxc4 6. Qxc4 O-O 7. e4 Nc6 8. d5 Na5 9. Qa4 b6 10. Bb5 e6 11. dxe6 Bxe6 12. O-O a6 13. Be2 c5 14. Bf4 b5 15. Qc2 Qb6 16. Rad1 Rfd8 17. Bg5 h6 18. Bh4 g5 19. Bg3 Nc6 20. a3 Nd4 21. Nxd4 cxd4 22. Nd5 Nxd5 23. exd5 Bxd5 24. Bc7 Rdc8 25. Rc1 Qe6 26. Rfe1 Ra7 27. Bd3 Raxc7 28. Rxe6 Rxc2 29. Rxc2 Bxe6 0-1


[Site "https://www.chess.com"]

[Event "Titled Tuesday Blitz May 23 Early 2023"]
[White "Ljukin, Sergei"]
[Black "Durarbayli, Vasif"]
[WhiteFideId "14102200"]
[BlackFideId "13402935"]
[WhiteElo "2312"]
[BlackElo "2551"]
[Result "0-1"]
[Round "01"]
[TimeControl "180+2"]
[Date "2023.05.23"]
[WhiteClock "0:00:38"]
[BlackClock "0:00:30"]

1. e4 c5 2. Nf3 d6 3. d4 cxd4 4. Nxd4 Nf6 5. Nc3 Nc6 6. Bc4 e6 7. Be3 a6 8. Qe2 Qc7 9. Bb3 Na5 10. O-O-O b5 11. f3 Be7 12. Kb1 Rb8 13. g4 Nc4 14. h4 Nd7 15. g5 Ndb6 16. Bc1 Bd7 17. h5 b4 18. Nd5 exd5 19. exd5 Kd8 20. g6 fxg6 21. hxg6 h6 22. Ne6+ Bxe6 23. dxe6 a5 24. Rd4 Rc8 25. Rhd1 a4 26. Bxc4 Nxc4 27. Bf4 Rf8 28. Bg3 Rf5 29. Qd3 Rc5 30. Qe4 Ke8 31. Qf4 Ne5 32. Bh4 Bxh4 33. Qxh4 Rxc2 34. Qf4 a3 35. Rxd6 Rxb2+ 36. Ka1 Rxa2+ 0-1


[Site "https://www.chess.com"]

[Event "Titled Tuesday Blitz May 23 Early 2023"]
[White "Grigoriants, Sergey"]
[Black "Eynullayev, Atilla"]
[WhiteFideId "4130804"]
[BlackFideId "13413570"]
[WhiteElo "2502"]
[BlackElo "2181"]
[Result "1-0"]
[Round "01"]
[TimeControl "180+2"]
[Date "2023.05.23"]
[WhiteClock "0:01:05"]
[BlackClock "0:01:04"]

1. d4 Nf6 2. c4 e6 3. Nf3 d5 4. Nc3 Nbd7 5. Bf4 Bb4 6. e3 c5 7. Nd2 Qa5 8. Qc2 cxd4 9. exd4 O-O 10. Bd3 b6 11. O-O Ba6 12. Nb3 dxc4 13. Bxh7+ Nxh7 14. Nxa5 Bxa5 15. Rfe1 Rfd8 16. Bc7 Rdc8 17. Be5 Nhf6 18. Re3 Bb7 19. Rg3 Bb4 1-0


[Site "https://www.chess.com"]

[Event "Titled Tuesday Blitz May 23 Early 2023"]
[White "Pasti, Aron"]
[Black "Drygalov, Sergey"]
[WhiteFideId "785857"]
[BlackFideId "24171743"]
[WhiteElo "2173"]
[BlackElo "2533"]
[Result "0-1"]
[Round "01"]
[TimeControl "180+2"]
[Date "2023.05.23"]
[WhiteClock "0:00:19"]
[BlackClock "0:01:20"]

1. e4 c5 2. d4 cxd4 3. c3 dxc3 4. Nxc3 Nc6 5. Nf3 e6 6. Bc4 d6 7. O-O Nf6 8. Qe2 Be7 9. Rd1 e5 10. Be3 O-O 11. b4 a6 12. a4 Bg4 13. Rab1 Rc8 14. h3 Bh5 15. b5 Na5 16. bxa6 Bxf3 17. gxf3 Rxc4 18. Bb6 Qc8 19. Bxa5 bxa6 20. Nd5 Nxd5 21. Rxd5 Rxa4 22. Bb4 Qb7 23. Qb2 Rb8 24. Bc3 Qxb2 25. Rxb2 Rxb2 26. Bxb2 f6 27. Kf1 Kf7 28. Ke2 Ra2 29. Rd2 d5 30. exd5 Bb4 31. Rc2 Ba3 32. Rc7+ Kg6 33. Ra7 Rxb2+ 34. Ke1 Bb4+ 35. Kf1 Bc5 36. Rxa6 Rxf2+ 37. Ke1 Rxf3 0-1


[Site "https://www.chess.com"]

[Event "Titled Tuesday Blitz May 23 Early 2023"]
[White "Fridman, Daniel"]
[Black "Barbot, Pierre"]
[WhiteFideId "11600454"]
[BlackFideId "663727"]
[WhiteElo "2525"]
[BlackElo "2431"]
[Result "1-0"]
[Round "01"]
[TimeControl "180+2"]
[Date "2023.05.23"]
[WhiteClock "0:02:15"]
[BlackClock "0:00:55"]

1. d4 Nf6 2. Nf3 d5 3. c4 g6 4. cxd5 Nxd5 5. e4 Nb6 6. Nc3 Bg7 7. h3 O-O 8. Be3 c5 9. dxc5 N6d7 10. Qd2 Qa5 11. Nd5 Qxd2+ 12. Nxd2 Nc6 13. Nc4 Nde5 14. Nxe5 Bxe5 15. O-O-O b6 16. Bb5 Bb7 17. Bxc6 Bxc6 18. Nxe7+ Kh8 19. Nxc6 Rac8 20. Nxe5 1-0


[Site "https://www.chess.com"]

[Event "Titled Tuesday Blitz May 23 Early 2023"]
[White "Przybylski, Wojciech"]
[Black "Hansen, Eric"]
[WhiteFideId "1117599"]
[BlackFideId "2606771"]
[WhiteElo "2222"]
[BlackElo "2561"]
[Result "0-1"]
[Round "01"]
[TimeControl "180+2"]
[Date "2023.05.23"]
[WhiteClock "0:00:08"]
[BlackClock "0:00:14"]

1. e4 c6 2. d4 d6 3. Nc3 e5 4. Nf3 Nd7 5. Bc4 Be7 6. Ng5 Bxg5 7. Qh5 Qe7 8. Bxg5 Ngf6 9. Qd1 h6 10. Bh4 g5 11. Bg3 b5 12. dxe5 dxe5 13. Bd3 Nc5 14. a3 a5 15. O-O h5 16. f3 h4 17. Bf2 Nh5 18. b4 axb4 19. axb4 Rxa1 20. Qxa1 Ne6 21. Ne2 f6 22. c4 bxc4 23. Bxc4 Kf8 24. Rd1 Kg7 25. Bxe6 Bxe6 26. Bc5 Qb7 27. Rd6 Bc4 28. Nc3 Kg6 29. Qc1 Nf4 30. Qd2 Ra8 31. g3 Ra1+ 32. Nd1 Bb3 33. Qe1 hxg3 34. hxg3 Ne6 35. Rd2 Nxc5 36. bxc5 Qa7 37. Kg2 Qa4 38. Qe2 Rxd1 39. Rxd1 Bxd1 40. Qd3 Qc2+ 41. Qxc2 Bxc2 42. Kf2 g4 43. Ke3 gxf3 44. Kxf3 Kg5 45. Ke3 Kg4 46. Kd2 Bxe4 47. Ke3 Bd5 48. Kd3 f5 49. Ke3 Kxg3 50. Kd3 Kg2 51. Ke3 f4+ 52. Kd3 f3 53. Ke3 f2 54. Kd2 f1=Q 55. Kc3 Qf3+ 56. Kb4 Qb3+ 57. Ka5 Qb5# 0-1


[Site "https://www.chess.com"]

[Event "Titled Tuesday Blitz May 23 Early 2023"]
[White "Quesada Perez, Yuniesky"]
[Black "Xu, Daniel"]
[WhiteFideId "3504409"]
[BlackFideId "2627345"]
[WhiteElo "2585"]
[BlackElo "1980"]
[Result "1-0"]
[Round "01"]
[TimeControl "180+2"]
[Date "2023.05.23"]
[WhiteClock "0:00:08"]
[BlackClock "0:00:03"]

1. e4 c5 2. Nf3 d6 3. d4 cxd4 4. Nxd4 Nf6 5. Nc3 a6 6. Be3 e5 7. Nb3 Be6 8. Qd2 Nbd7 9. O-O-O Be7 10. f4 exf4 11. Bxf4 Ne5 12. Nd4 Qc7 13. Nf5 Bxf5 14. exf5 O-O 15. Kb1 Rac8 16. h3 b5 17. a3 Qc6 18. Be2 Rfd8 19. g4 Ne4 20. Nxe4 Qxe4 21. Rhe1 Bh4 22. Rf1 d5 23. Bd3 Nxd3 24. Qxd3 Bf6 25. g5 Be7 26. Qxe4 dxe4 27. Rxd8+ Rxd8 28. Re1 Rd4 29. h4 f6 30. c3 Rc4 31. Kc2 Kf7 32. Be3 Bc5 33. b3 Bxe3 34. bxc4 Bc5 35. Rxe4 Bxa3 36. gxf6 bxc4 37. fxg7 Kxg7 38. Rxc4 Kf6 39. Rc6+ Kxf5 40. Rxa6 Be7 41. Ra7 Bxh4 42. Rxh7 Bf2 43. Rd7 Ke6 44. Rd3 Bc5 45. Kb3 Ke5 46. Kc4 Bb6 47. Kb5 Bf2 48. c4 Ke6 49. c5 1-0


[Site "https://www.chess.com"]

[Event "Titled Tuesday Blitz May 23 Early 2023"]
[White "Grunberg, Mihai-Lucian"]
[Black "Ahmadzada, Ahmad"]
[WhiteFideId "1204149"]
[BlackFideId "13413007"]
[WhiteElo "2363"]
[BlackElo "2388"]
[Result "0-1"]
[Round "01"]
[TimeControl "180+2"]
[Date "2023.05.23"]
[WhiteClock "0:00:27"]
[BlackClock "0:01:07"]

1. d4 Nf6 2. c4 c5 3. Nf3 cxd4 4. Nxd4 b6 5. f3 Bb7 6. e4 d6 7. Nc3 e6 8. Be3 Be7 9. Qd2 O-O 10. Be2 a6 11. O-O Nbd7 12. a4 Rb8 13. a5 bxa5 14. Nb3 Bxe4 15. Nxa5 Ba8 16. Rfb1 d5 17. cxd5 Nxd5 18. Nxd5 Bxd5 19. b4 Bd6 20. Bf4 Bxf4 21. Qxf4 Nf6 22. Qe3 Qd6 23. Qc5 Rfd8 24. Qxd6 Rxd6 25. Nc4 Bxc4 26. Bxc4 Rd4 27. Bxa6 Rdxb4 28. Rxb4 Rxb4 29. Be2 h5 30. Kf2 g5 31. g3 Kg7 32. Ra5 Nd5 33. f4 Rb2 34. Ke1 gxf4 35. Bxh5 Rxh2 36. Ra7 Rxh5 0-1


[Site "https://www.chess.com"]

[Event "Titled Tuesday Blitz May 23 Early 2023"]
[White "Galchenko, Matvey"]
[Black "Fiedorek, Michal"]
[WhiteFideId "24175480"]
[BlackFideId "1199528"]
[WhiteElo "2423"]
[BlackElo "2135"]
[Result "1-0"]
[Round "01"]
[TimeControl "180+2"]
[Date "2023.05.23"]
[WhiteClock "0:00:14"]
[BlackClock "0:00:00"]

1. e4 c5 2. c3 d5 3. exd5 Qxd5 4. d4 Nc6 5. Nf3 e5 6. Na3 cxd4 7. Nb5 Qd8 8. cxd4 a6 9. d5 axb5 10. dxc6 Qxd1+ 11. Kxd1 bxc6 12. Nxe5 Ne7 13. Bd3 f6 14. Nf3 Bg4 15. Re1 O-O-O 16. Kc2 Nd5 17. a3 Bc5 18. Re2 Rhe8 19. Rxe8 Rxe8 20. Bd2 Bxf2 21. Bxh7 Ne3+ 22. Bxe3 Rxe3 23. Nd4 Kc7 24. Rf1 Bh4 25. Bf5 Bh5 26. Ne6+ Kb6 27. Nxg7 Bf7 28. Bg4 Bb3+ 29. Kd2 Bg5 30. h4 1-0


[Site "https://www.chess.com"]

[Event "Titled Tuesday Blitz May 23 Early 2023"]
[White "Zavortink, Matt"]
[Black "demon64fields"]
[WhiteFideId "2034263"]
[WhiteElo "2471"]
[BlackElo "2876"]
[Result "0-1"]
[Round "01"]
[TimeControl "180+2"]
[Date "2023.05.23"]
[WhiteClock "0:00:04"]
[BlackClock "0:01:06"]

1. Nf3 g6 2. g3 Bg7 3. d4 c5 4. dxc5 Na6 5. Bg2 Nxc5 6. O-O Nf6 7. c4 d6 8. Nc3 O-O 9. Bf4 Bd7 10. Rc1 Rc8 11. b3 a6 12. Re1 b5 13. Nd5 bxc4 14. Nxf6+ Bxf6 15. Rxc4 Ne6 16. Rxc8 Qxc8 17. Bh6 Re8 18. Nd2 Nc5 19. Ne4 Nxe4 20. Bxe4 Qc5 21. Qb1 a5 22. Be3 Qb4 23. Rc1 Bh3 24. Bg2 Bxg2 25. Kxg2 Qb7+ 26. Kg1 h5 27. Qc2 a4 28. Qc6 Qxc6 29. Rxc6 axb3 30. axb3 Rb8 31. Bb6 Kf8 32. b4 Ke8 33. e4 Kd7 34. Rc7+ Ke6 35. Rc6 g5 36. Kf1 g4 37. Ke2 Be5 38. f4 gxf3+ 39. Kxf3 f5 40. exf5+ Kxf5 41. h3 Rg8 42. Bf2 Ra8 43. g4+ Ke6 44. gxh5 Ra3+ 45. Kg2 Rb3 46. h6 Rxb4 47. h7 Rb8 48. Rc4 Bf6 49. Bd4 Rh8 50. Bxf6 Kxf6 51. Rh4 Kg6 52. Kf3 Rxh7 53. Rg4+ Kf5 54. h4 e5 55. Rg5+ Ke6 56. Kg4 e4 57. h5 d5 58. Rg6+ Ke5 59. h6 Kd4 60. Kg5 e3 61. Rg7 Rh8 62. Kf4 Kd3 63. h7 d4 0-1


[Site "https://www.chess.com"]

[Event "Titled Tuesday Blitz May 23 Early 2023"]
[White "Timofeev, Artyom"]
[Black "Flynn, Jacob"]
[WhiteFideId "4140419"]
[BlackFideId "2509393"]
[WhiteElo "2586"]
[BlackElo "2053"]
[Result "0-1"]
[Round "01"]
[TimeControl "180+2"]
[Date "2023.05.23"]
[WhiteClock "0:01:07"]
[BlackClock "0:00:07"]

1. c4 Nf6 2. Nc3 c5 3. Nf3 e6 4. e4 d5 5. cxd5 exd5 6. e5 Ne4 7. Bd3 Nxc3 8. dxc3 Nc6 9. h3 Be7 10. O-O Be6 11. Qc2 h6 12. Rd1 Qc7 13. Qe2 O-O-O 14. b4 cxb4 15. cxb4 Bxb4 16. Bf4 Kb8 17. Rdc1 Qe7 18. Rab1 Ka8 19. Bb5 Nb8 20. Nd4 Rc8 21. Rd1 Bc5 22. Be3 Rc7 23. Bd3 Bxd4 24. Bxd4 b6 25. Qe3 Rhc8 26. Be2 Nc6 27. Bf3 Nxd4 28. Rxd4 Rd8 29. Rbd1 Rcd7 30. a4 Qc5 31. h4 Kb8 32. h5 Rc7 33. Qf4 Rcd7 34. g3 Qe7 35. Qe3 Qc5 36. Kg2 a5 37. Rc1 Qe7 38. Rb1 Ka7 39. Rb5 Rc7 40. Qd2 Rc5 41. Rb2 Rdc8 42. Qe3 Qg5 43. Rf4 d4 44. Qxd4 Qxe5 45. Qd2 R8c7 46. Qd8 Bd5 47. Rd2 Bxf3+ 48. Rxf3 Qxh5 49. Rd7 Qe5 50. Rfxf7 Qe4+ 51. Kh2 Rh5+ 52. Qh4 Rxh4+ 53. gxh4 Qxh4+ 54. Kg1 Qg4+ 55. Kf1 Rxd7 56. Rxd7+ Qxd7 0-1


[Site "https://www.chess.com"]

[Event "Titled Tuesday Blitz May 23 Early 2023"]
[White "Turzo, Attila"]
[Black "Babazada, Khazar"]
[WhiteFideId "704954"]
[BlackFideId "13413554"]
[WhiteElo "2470"]
[BlackElo "2351"]
[Result "0-1"]
[Round "01"]
[TimeControl "180+2"]
[Date "2023.05.23"]
[WhiteClock "0:00:00"]
[BlackClock "0:00:07"]

1. d4 Nf6 2. c4 e6 3. Nf3 b6 4. g3 Ba6 5. b3 Bb4+ 6. Bd2 Be7 7. Bg2 d5 8. cxd5 exd5 9. O-O O-O 10. Nc3 c6 11. Ne5 Bd6 12. Bf4 Bb7 13. Nd3 Bxf4 14. Nxf4 Re8 15. b4 Qd6 16. a3 Nbd7 17. Qb3 g5 18. Nd3 a5 19. Rfe1 Ba6 20. b5 cxb5 21. Nxb5 Bxb5 22. Qxb5 Rac8 23. Qb2 Qe6 24. e3 Ne4 25. Rec1 Rc4 26. Bf1 Qf5 27. Ne1 Rxc1 28. Rxc1 Ndf6 29. Nd3 Re6 30. a4 h5 31. Ne5 h4 32. Bg2 h3 33. Bh1 g4 34. Qc2 Kg7 35. Rb1 Qg5 36. Nd3 Qf5 37. Qd1 Rc6 38. Rc1 Rxc1 39. Qxc1 Nxg3 40. hxg3 Qxd3 0-1


[Site "https://www.chess.com"]

[Event "Titled Tuesday Blitz May 23 Early 2023"]
[White "Sychev, Klementy"]
[Black "Rios Escobar, Adan"]
[WhiteFideId "4114060"]
[BlackFideId "3403645"]
[WhiteElo "2583"]
[BlackElo "2470"]
[Result "1-0"]
[Round "01"]
[TimeControl "180+2"]
[Date "2023.05.23"]
[WhiteClock "0:00:38"]
[BlackClock "0:00:00"]

1. e4 c5 2. Nf3 d6 3. d4 cxd4 4. Nxd4 Nf6 5. Nc3 a6 6. Bg5 Nbd7 7. Bc4 Qb6 8. Qd2 Qxb2 9. O-O Qa3 10. Rad1 e6 11. Kh1 h6 12. Bh4 Be7 13. Bxe6 fxe6 14. Nxe6 Kf7 15. Nc7 Rb8 16. N3d5 Qc5 17. Nxe7 Kxe7 18. Bg3 Ne5 19. f4 Nc4 20. Qe1 Qxc7 21. e5 Be6 22. exd6+ Nxd6 23. f5 Rhe8 24. Qxe6+ 1-0


[Site "https://www.chess.com"]

[Event "Titled Tuesday Blitz May 23 Early 2023"]
[White "Stribuk, Artiom"]
[Black "Toropov, Pavel"]
[WhiteFideId "13515659"]
[BlackFideId "24129178"]
[WhiteElo "2303"]
[BlackElo "2182"]
[Result "1-0"]
[Round "01"]
[TimeControl "180+2"]
[Date "2023.05.23"]
[WhiteClock "0:00:09"]
[BlackClock "0:00:06"]

1. d4 d5 2. c4 c6 3. Nf3 Nf6 4. g3 dxc4 5. Bg2 b5 6. O-O Bb7 7. a4 e6 8. Ne5 a6 9. b3 cxb3 10. Qxb3 Be7 11. e3 O-O 12. Ba3 b4 13. Rc1 a5 14. Nd2 Nbd7 15. Ndc4 Rc8 16. Bb2 Nd5 17. Nxd7 Qxd7 18. Nxa5 Ba6 19. Rc2 c5 20. Rac1 cxd4 21. Bxd4 Nc3 22. Bxc3 bxc3 23. Rxc3 Rxc3 24. Rxc3 Rd8 25. Bf3 Rc8 26. Nc6 Bf6 27. Rc1 g6 28. Qb6 Bd3 29. a5 Ra8 30. Nb4 Bd8 31. Qc6 Qxc6 32. Bxc6 Rxa5 33. Nxd3 Bf6 34. Nf4 h5 35. h4 Kg7 36. Rc2 Ra1+ 37. Kg2 Be7 38. Bf3 Bf6 39. Rc7 Be5 40. Rd7 Kf6 41. Rb7 Rc1 42. Nd3 Rc3 43. Nxe5 Kxe5 44. Rxf7 1-0


[Site "https://www.chess.com"]

[Event "Titled Tuesday Blitz May 23 Early 2023"]
[White "Pham, Le Thao Nguyen"]
[Black "Beerdsen, Thomas"]
[WhiteFideId "12401226"]
[BlackFideId "1030108"]
[WhiteElo "2286"]
[BlackElo "2549"]
[Result "0-1"]
[Round "01"]
[TimeControl "180+2"]
[Date "2023.05.23"]
[WhiteClock "0:00:08"]
[BlackClock "0:00:50"]

1. d4 Nf6 2. Nf3 a6 3. c4 b5 4. e3 bxc4 5. Bxc4 e6 6. O-O Bb7 7. b3 Bd6 8. Bb2 O-O 9. Nbd2 Ne4 10. Nxe4 Bxe4 11. Bd3 f5 12. Bxe4 fxe4 13. Ne5 Bxe5 14. dxe5 Nc6 15. Qg4 a5 16. Qxe4 a4 17. bxa4 Qe7 18. Rac1 Ra5 19. Rc4 Rb8 20. Bc3 Rd5 21. f4 Qa3 22. Qc2 Rc5 23. Rxc5 Qxc5 24. Qd3 Ne7 25. Bd4 Qd5 26. Qc2 Nc6 27. Rd1 Rb4 28. Bc3 Qc5 29. Rd3 Rxf4 30. Qd2 Rxa4 31. Rxd7 Re4 32. Bd4 Nxd4 33. exd4 Qf8 34. h3 c5 35. d5 Rd4 36. Qg5 h6 37. Qg6 Rd1+ 38. Kh2 Qf4+ 39. Qg3 Rh1+ 40. Kxh1 Qxg3 41. Rd8+ Kh7 42. d6 Qe1+ 0-1


[Site "https://www.chess.com"]

[Event "Titled Tuesday Blitz May 23 Early 2023"]
[White "Remizov, Yaroslav"]
[Black "Rodchenkov, Sergey D."]
[WhiteFideId "34134015"]
[BlackFideId "4168712"]
[WhiteElo "2400"]
[BlackElo "2277"]
[Result "1-0"]
[Round "01"]
[TimeControl "180+2"]
[Date "2023.05.23"]
[WhiteClock "0:00:42"]
[BlackClock "0:00:01"]

1. Nc3 c5 2. Nf3 d6 3. d4 cxd4 4. Nxd4 Nf6 5. g3 e5 6. Nb3 Be7 7. Bg2 O-O 8. O-O Nc6 9. Bg5 Be6 10. Qd2 Ng4 11. Bxe7 Qxe7 12. Rad1 Rfd8 13. e4 a5 14. Nd5 Bxd5 15. exd5 Nb4 16. Nxa5 Nxc2 17. Nxb7 Qxb7 18. Qxc2 Rxa2 19. Qc4 Rxb2 20. Qxg4 g6 21. h4 Kg7 22. h5 Rc8 23. Qh4 h6 24. hxg6 fxg6 25. Rc1 Rf8 26. Rc3 Qf7 27. Rf3 Qe8 28. Rxf8 Qxf8 29. Qc4 Qf7 30. Be4 h5 31. Qc3 Qb7 32. Rc1 Qb5 33. Qc7+ Kh6 34. Qxd6 Qe8 35. Qf6 Re2 36. Rc8 Re1+ 37. Kg2 1-0


[Site "https://www.chess.com"]

[Event "Titled Tuesday Blitz May 23 Early 2023"]
[White "Bilan, Danila"]
[Black "Talibov, Shiroghlan"]
[WhiteFideId "24161918"]
[BlackFideId "13429078"]
[WhiteElo "2182"]
[BlackElo "2188"]
[Result "0-1"]
[Round "01"]
[TimeControl "180+2"]
[Date "2023.05.23"]
[WhiteClock "0:00:29"]
[BlackClock "0:01:39"]

1. d4 g6 2. Nf3 Bg7 3. Bg5 b6 4. Nbd2 Bb7 5. e3 d6 6. c3 Nd7 7. Bc4 Ngf6 8. O-O O-O 9. Qe2 Ne4 10. Nxe4 Bxe4 11. Nd2 Bb7 12. e4 Qe8 13. Rfe1 e5 14. Nf3 h6 15. Bh4 a6 16. Rad1 Kh7 17. Bg3 Qe7 18. Bh4 Bf6 19. Bxf6 Qxf6 20. dxe5 Nxe5 21. Nxe5 Qxe5 22. Bd5 Bxd5 23. Rxd5 Qe6 24. f4 Rfe8 25. Qf3 Qxd5 26. exd5 Rxe1+ 27. Kf2 Rae8 28. Qd3 a5 29. Qc4 R8e7 30. g3 h5 31. Qd3 Kg7 32. Qd4+ f6 33. Qd3 Kf7 34. f5 gxf5 35. Qxf5 R7e2+ 36. Kf3 Rf1+ 37. Kxe2 Rxf5 0-1


[Site "https://www.chess.com"]

[Event "Titled Tuesday Blitz May 23 Early 2023"]
[White "Gareyev, Timur"]
[Black "Castellanos Gomez, Alejandro"]
[WhiteFideId "14200937"]
[BlackFideId "22284141"]
[WhiteElo "2563"]
[BlackElo "2158"]
[Result "1-0"]
[Round "01"]
[TimeControl "180+2"]
[Date "2023.05.23"]
[WhiteClock "0:00:13"]
[BlackClock "0:00:02"]

1. d4 d5 2. c4 e6 3. Nc3 Nf6 4. Bg5 Be7 5. e3 O-O 6. Nf3 Nbd7 7. Qc2 a6 8. cxd5 exd5 9. Bd3 c6 10. h4 Re8 11. O-O-O b5 12. Kb1 Ne4 13. Nxe4 dxe4 14. Bxe4 h6 15. Bxc6 Ra7 16. Bxe7 Qxe7 17. d5 Rd8 18. e4 Nb6 19. e5 Nc4 20. d6 Qe6 21. Bd5 Qg4 22. Rd4 Qh5 23. Bxc4 bxc4 24. Qxc4 Bf5+ 25. Ka1 Qg6 26. g4 Be6 27. h5 Qh7 28. Qe2 Rb7 29. Rhd1 Rdb8 30. d7 Rd8 31. Qxa6 Rc7 32. Ne1 g6 33. Qa5 Rcxd7 34. Rxd7 Rxd7 35. Rxd7 Bxd7 36. Qd8+ Kg7 37. Qxd7 gxh5 38. Qf5 Qg8 39. gxh5 Qb8 40. Nc2 Qc7 41. b3 Qc3+ 42. Kb1 Qd2 43. Kb2 Qd5 44. Qf6+ Kg8 45. a4 Qe4 46. Qxh6 Qxe5+ 47. Ka2 Qe2 48. Qg5+ Kf8 49. Qd8+ Kg7 50. Qd4+ Kh7 51. Qc4 Qxf2 52. a5 Qd2 53. Qxf7+ Kh6 54. Qg6# 1-0


[Site "https://www.chess.com"]

[Event "Titled Tuesday Blitz May 23 Early 2023"]
[White "Heinemann, Josefine"]
[Black "Siva Mahadevan"]
[WhiteFideId "12900460"]
[BlackFideId "25043153"]
[WhiteElo "2342"]
[BlackElo "2249"]
[Result "0-1"]
[Round "01"]
[TimeControl "180+2"]
[Date "2023.05.23"]
[WhiteClock "0:01:04"]
[BlackClock "0:01:06"]

1. e4 c5 2. Nf3 Nc6 3. d4 cxd4 4. Nxd4 Nf6 5. Nc3 d6 6. Bg5 e6 7. Qd2 a6 8. O-O-O h6 9. Nxc6 bxc6 10. Bf4 d5 11. Qe1 Bb4 12. a3 Ba5 13. f3 O-O 14. g4 c5 15. g5 Nh5 16. Bd2 d4 17. Ne2 Bxd2+ 18. Qxd2 Qxg5 19. f4 Qh4 20. Rg1 Bb7 21. Bg2 Rab8 22. Bf3 Nf6 23. Ng3 Rfd8 24. Rdf1 c4 25. c3 dxc3 26. Qxc3 Rd3 27. Qc2 Qxf4+ 28. Kb1 Rxf3 0-1


[Site "https://www.chess.com"]

[Event "Titled Tuesday Blitz May 23 Early 2023"]
[White "Bondau"]
[Black "Avazkhonov, Alikhon"]
[BlackFideId "14208504"]
[WhiteElo "2824"]
[BlackElo "1739"]
[Result "1-0"]
[Round "01"]
[TimeControl "180+2"]
[Date "2023.05.23"]
[WhiteClock "0:00:46"]
[BlackClock "0:00:00"]

1. e4 c5 2. Nf3 d6 3. d4 cxd4 4. Nxd4 Nf6 5. Nc3 a6 6. Rg1 e5 7. Nb3 Be6 8. g4 d5 9. exd5 Nxd5 10. Nxd5 Qxd5 11. Qxd5 Bxd5 12. c3 Nd7 13. Be3 Be7 14. Nd2 O-O-O 15. Bc4 Nf6 16. Ke2 Bxc4+ 17. Nxc4 Nd5 18. Nxe5 Nxe3 19. fxe3 Rhf8 20. Rgf1 f6 21. Nf3 Bc5 22. Nd4 Rfe8 23. Rad1 Re4 24. Rf4 Re5 25. Rf5 Bd6 26. h3 Re4 27. Rd5 Bc7 28. Rxd8+ Bxd8 29. Nf5 Bc7 30. Nxg7 Bb6 31. Nf5 Kc7 32. Kf3 Ra4 33. a3 Ra5 34. e4 Rb5 35. b4 a5 36. Rd5 Rxd5 37. exd5 axb4 38. axb4 Bg1 39. Ke4 Kd7 40. c4 Ba7 41. c5 b6 42. c6+ 1-0


[Site "https://www.chess.com"]

[Event "Titled Tuesday Blitz May 23 Early 2023"]
[White "Zaitsev, Alexander"]
[Black "Salinas Herrera, Pablo"]
[WhiteFideId "4164490"]
[BlackFideId "3407128"]
[WhiteElo "2373"]
[BlackElo "2546"]
[Result "0-1"]
[Round "01"]
[TimeControl "180+2"]
[Date "2023.05.23"]
[WhiteClock "0:00:00"]
[BlackClock "0:00:28"]

1. e4 c5 2. Nf3 e6 3. g3 Nc6 4. Bg2 Nf6 5. Qe2 e5 6. O-O Be7 7. Nc3 O-O 8. d3 h6 9. Nd5 Re8 10. c3 Bf8 11. Ne1 d6 12. Nc2 Nxd5 13. exd5 Ne7 14. Re1 b6 15. d4 exd4 16. cxd4 Bb7 17. Qg4 Qc8 18. Qh5 g6 19. Qd1 Qd7 20. Ne3 Bg7 21. dxc5 dxc5 22. Ng4 h5 23. Ne5 Qf5 24. d6 Bxg2 25. Kxg2 Bxe5 26. dxe7 Rxe7 27. Qd5 Rae8 28. Bh6 Kh7 0-1


[Site "https://www.chess.com"]

[Event "Titled Tuesday Blitz May 23 Early 2023"]
[White "Fier, Alexandr"]
[Black "Filipascu"]
[WhiteFideId "2107139"]
[WhiteElo "2610"]
[BlackElo "2459"]
[Result "1-0"]
[Round "01"]
[TimeControl "180+2"]
[Date "2023.05.23"]
[WhiteClock "0:01:01"]
[BlackClock "0:00:28"]

1. c4 e5 2. Nc3 Nf6 3. Nf3 Nc6 4. g3 Bb4 5. Bg2 Bxc3 6. dxc3 O-O 7. O-O d6 8. Ne1 e4 9. Nc2 Re8 10. Ne3 Ne5 11. Nd5 h6 12. Nxf6+ Qxf6 13. Bxe4 Nxc4 14. Bg2 Bg4 15. Re1 c6 16. b3 Ne5 17. h3 Bh5 18. g4 Bg6 19. Be3 d5 20. Bd4 h5 21. f3 b6 22. Qd2 c5 23. Bf2 Rad8 24. Rad1 hxg4 25. hxg4 Nc6 26. e3 Ne5 27. Qe2 Nc6 28. f4 Qxc3 29. Rxd5 Rxd5 30. Bxd5 Nd4 31. Qf1 Nc2 32. Rc1 Qd2 33. Bc6 Rxe3 34. Bxe3 Nxe3 35. Qe1 Qg2+ 36. Bxg2 1-0


[Site "https://www.chess.com"]

[Event "Titled Tuesday Blitz May 23 Early 2023"]
[White "Jovic, Stanoje"]
[Black "Gharibyan, Mamikon"]
[WhiteFideId "905020"]
[BlackFideId "13308300"]
[WhiteElo "2236"]
[BlackElo "2445"]
[Result "1-0"]
[Round "01"]
[TimeControl "180+2"]
[Date "2023.05.23"]
[WhiteClock "0:01:01"]
[BlackClock "0:00:41"]

1. c4 g6 2. g3 Bg7 3. Bg2 Nf6 4. Nc3 O-O 5. Nf3 c6 6. O-O d5 7. cxd5 cxd5 8. d4 Ne4 9. Ne5 Nxc3 10. bxc3 Nc6 11. f4 Qa5 12. Qb3 Bf5 13. Bxd5 Nxe5 14. fxe5 Rac8 15. Bd2 b5 16. e4 Bh3 17. Bxf7+ Kh8 18. Rf2 b4 19. c4 Qd8 20. d5 Bxe5 21. Re1 Bd4 22. Be3 Qb6 23. e5 Bxe3 24. Qxe3 Qxe3 25. Rxe3 Rxc4 26. Re1 Kg7 27. e6 Rd8 28. Rd2 a5 29. d6 a4 30. dxe7 Rxd2 31. e8=Q Rg2+ 32. Kh1 Rcc2 33. Qg8+ Kh6 34. Qf8+ Kh5 35. Bxg6+ Kxg6 36. Qf7+ Kh6 37. Qf6+ Kh5 38. Re5+ Kg4 39. Qf4# 1-0


[Site "https://www.chess.com"]

[Event "Titled Tuesday Blitz May 23 Early 2023"]
[White "Rostovtsev, Dmitry"]
[Black "Mrudul Dehankar"]
[WhiteFideId "34278320"]
[BlackFideId "25096990"]
[WhiteElo "2344"]
[BlackElo "2139"]
[Result "1-0"]
[Round "01"]
[TimeControl "180+2"]
[Date "2023.05.23"]
[WhiteClock "0:02:03"]
[BlackClock "0:00:00"]

1. e4 c6 2. d4 d5 3. e5 Bf5 4. Nc3 e6 5. g4 Bg6 6. Nge2 Ne7 7. h4 h5 8. Nf4 Bh7 9. Nxh5 c5 10. Bg5 Nbc6 11. Nb5 Qa5+ 12. Bd2 Qb6 13. Nd6+ Kd7 14. dxc5 Qxc5 15. Nxf7 Nd4 16. Rc1 Nxc2+ 17. Rxc2 Bxc2 18. Qf3 Be4 19. Qb3 b6 20. f3 Bc2 21. Qb5+ Qxb5 22. Bxb5+ Kc7 23. Nxh8 g6 24. Nf4 a6 25. Nxe6+ 1-0


[Site "https://www.chess.com"]